 Dungeon Crawl Stone Soup version 0.31-a0-313-g785cd24033 (webtiles) character file.

Game seed: 8667170253448324510

376 AdnanSaban the Covered (level 6, 0/39 HPs)
             Began as a Gargoyle Fighter on July 17, 2023.
             Was a Follower of Okawaru.
             Hit by a stone thrown by a kobold (2 damage)
             ... on level 4 of the Dungeon.
             The game lasted 00:04:38 (2969 turns).

AdnanSaban the Covered (Gargoyle Fighter)           Turns: 2969, Time: 00:04:39

Health: 0/39       AC: 14    Str: 22    XL:     6   Next: 73%
Magic:  6/6        EV:  9    Int: 14    God:    Okawaru [*.....]
Gold:   195        SH:  4    Dex:  9    Spells: 5/5 levels left

rFire   . . .        a - +0 flail
rCold   . . .        c - +0 buckler
rNeg    + . .        b - +0 scale mail
rPois   ∞            g - +0 helmet
rElec   +            v - +0 cloak
rCorr   .            (no gloves)
SInv    .            (no boots)
Will    .....        (no amulet) Stlth
                     i - +6 ring of intelligence
HPRegen 0.26/turn    (no ring)
MPRegen 0.10/turn

%: no passive effects
@: no status effects
A: sickness immunity, AC +4, negative energy resistance 1, electricity
resistance, torment resistance 1, petrification resistance
a: Renounce Religion, Heroism


You were on level 4 of the Dungeon.
You worshipped Okawaru.
Okawaru was aware of your devotion.
You visited 1 branch of the dungeon, and saw 5 of its levels.

You collected 195 gold pieces.

Inventory:

Hand Weapons
 a - a +0 flail (weapon)
Armour
 b - a +0 scale mail (worn)
 c - a +0 buckler (worn)
 g - a +0 helmet (worn)
 v - a +0 cloak (worn)
Jewellery
 i - a +6 ring of intelligence (left hand)
 t - a ring of ice
Wands
 w - a wand of flame (10)
Scrolls
 h - 2 scrolls of identify {unknown}
 j - 2 scrolls of blinking {unknown}
 l - a scroll of poison {unknown}
 m - a scroll of amnesia {unknown}
 p - 2 scrolls of fear {unknown}
 r - a scroll of teleportation {unknown}
 s - a scroll of enchant weapon {unknown}
Potions
 d - a potion of might
 e - a potion of magic {unknown}
 f - 2 potions of attraction {unknown}
 k - a potion of brilliance {unknown}
 n - 2 potions of curing {unknown}
 o - a potion of heal wounds {unknown}
 q - a potion of cancellation {unknown}
 u - a potion of resistance {unknown}


   Skills:
 + Level 4.4 Fighting
 + Level 4.6 Maces & Flails
 + Level 5.0 Armour
 + Level 4.3 Shields


You had 5 spell levels left.
You didn't know any spells.
Your spell library was empty.

Dungeon Overview and Level Annotations

Branches:
Dungeon (5/15)
 Temple: D:4-7

Altars:
Okawaru

Shops:
D:1 :*

Annotations:
D:5 Dowan, Duvessa, Sigmund


Innate Abilities, Weirdness & Mutations

You are immune to sickness and miasma.
Your stone body is resilient. (AC +4)
You are immune to poison.
You resist negative energy. (rN+)
You are resistant to electric shocks. (rElec)
You are resistant to unholy torment.
You are immune to petrification.


Message History

The black bear claws you but does no damage.
You sock the black bear!
The black bear is almost dead.
The black bear bites you but does no damage.
The black bear barely misses you. The black bear closely misses you.
You hit the black bear.
You kill the black bear!
Okawaru accepts your kill.
Your Armour skill increases to level 5!
Found a metallic silvery potion.
HP restored.
An ogre comes into view. It is wielding a +0 giant spiked club.
The ogre shouts!
You hear a shout! x2
You sock the ogre!
The ogre is heavily wounded.
The ogre hits you with a +0 giant spiked club!
You sock the ogre!
The ogre is almost dead.
The ogre hits you but does no damage.
You barely miss the ogre.
The ogre is almost dead.
You block the ogre's attack.
A kobold comes into view. It is wielding a +0 dagger.
You barely miss the ogre.
The ogre is almost dead.
The kobold throws a stone.
The stone closely misses you.
You barely miss the ogre.
The ogre is almost dead.
The ogre hits you with a +0 giant spiked club!!
Ouch! That really hurt!
* * * LOW HITPOINT WARNING * * *
The kobold throws a stone.
You block the stone.
You hit the ogre but do no damage.
The ogre is almost dead.
The ogre barely misses you.
You barely miss the ogre.
The ogre is almost dead.
The kobold throws a stone.
The stone barely misses you. You block the ogre's attack.
The kobold throws a stone.
The stone hits you.
You die...

#....##>..##.........
#.####..#......#..
#.###........###.
#...........# ##. ###
##.##......... #..
#...###...........>.##..
#.K.###....##.........
#....##....#####..#..#
#...O@...........##.##
##..##!.........###.#.
## #.#......# #.....
###......# ##....
#####..###...##
...#.....# ##.........
####........#.
#...........#.


You could see an ogre and a kobold.

Vanquished Creatures
  A black bear (D:4)
  2 hounds
  Ijyb (D:4)
  Natasha (thrice) (D:2)
  3 adders
  A dart slug (D:3)
  2 orcs (D:3)
  7 bats
  A bat skeleton (D:2)
  A bat zombie (D:2)
  7 endoplasms
  8 goblins
  9 hobgoblins
  17 jackals
  2 kobolds
  4 quokkas
  9 ball pythons
  A ball python skeleton (D:2)
  A frilled lizard (D:3)
  2 quokka skeletons (D:2)
  6 rats
88 creatures vanquished.

Notes
Turn   | Place    | Note
-------+----------+-------------------------------------------
     0 | D:1      | AdnanSaban the Gargoyle Fighter began the quest for the
                  | Orb.
     0 | D:1      | Reached XP level 1. HP: 14/14 MP: 1/1
   190 | D:1      | Found Cocvof's General Store.
   205 | D:1      | Reached XP level 2. HP: 19/19 MP: 2/2
   488 | D:1      | Reached XP level 3. HP: 16/24 MP: 3/3
   622 | D:1      | Found Leluv's Book Emporium.
   729 | D:2      | Found an iron altar of Okawaru.
   753 | D:2      | Became a worshipper of Warmaster Okawaru
   796 | D:2      | Noticed Natasha
   812 | D:2      | Killed Natasha
   813 | D:2      | Reached XP level 4. HP: 29/29 MP: 4/4
  1104 | D:2      | Noticed Natasha
  1112 | D:2      | Killed Natasha
  1112 | D:2      | Noticed Natasha
  1113 | D:2      | Reached skill level 4 in Armour
  1118 | D:2      | Killed Natasha
  1119 | D:2      | Reached XP level 5. HP: 21/33 MP: 5/5
  2439 | D:4      | Reached XP level 6. HP: 36/38 MP: 6/6
  2616 | D:4      | Reached * piety under Okawaru
  2699 | D:4      | Noticed Ijyb
  2722 | D:4      | Killed Ijyb
  2744 | D:4      | You fall into a shaft and drop 1 floor!
  2744 | D:5      | Entered Level 5 of the Dungeon
  2746 | D:5      | Noticed Dowan
  2746 | D:5      | Noticed Duvessa
  2768 | D:5      | Noticed Sigmund
  2907 | D:4      | Noticed a black bear
  2917 | D:4      | Killed a black bear
  2918 | D:4      | Reached skill level 5 in Armour
  2967 | D:4      | HP: 1/39 [ogre/+0 giant spiked club (23)]
  2969 | D:4      | Hit by a stone thrown by a kobold

Illustrated notes

Levels and vault maps discovered:
D:1:      lordsloth_arrival_two_stooges, layout_basic, serial_shops, shop, shop
D:2:      layout_loops_ring, serial_undead, serial_undead_f, serial_undead_f,
          serial_undead_c, serial_undead_b, basic_altar, uniq_natasha
D:3:      layout_loops_ring
D:4:      layout_cave_pools, kennysheep_mini_moat, minmay_gold_behind_fungi,
          uniq_ijyb
D:5:      layout_loops_cross, uniq_duvessa, uniq_pikel, uniq_sigmund

Skill      XL: |  1  2  3  4  5  6 |
---------------+-------------------+-----
Maces & Flails | 3 4 |  4.6
Fighting       | 4 |  4.4
Armour         | 4 5 |  5.0
Shields        | 4 |  4.3

Action                     |  1- 3 |  4- 6 || total
---------------------------+-------+-------++-------
  Melee: Flail             |   137 |   271 ||   408
 Armour: Scale mail        |    90 |   232 ||   322
  Dodge: Dodged            |   110 |   213 ||   323
  Block: Buckler           |    36 |    86 ||   122

Table legend: (Time is in decaauts)
 A = Elapsed time spent in this place.
 B = Non-inter-level travel time spent in this place.
 C = Inter-level travel time spent in this place.
 D = Time resting spent in this place.
 E = Time spent auto-exploring this place.
 F = Levels seen in this place.
 G = Mean time per level.
                   A        B        C        D        E       F      G
               +--------+--------+--------+--------+--------+-----+--------+
         Total |   3090 |   2999 |     91 |    113 |   2030 |   5 |  618.0 |
       Dungeon |   3090 |   2999 |     91 |    113 |   2030 |   5 |  618.0 |
               +--------+--------+--------+--------+--------+-----+--------+

Top non-repeatable levels by time:
     D:2: 771 daAuts
     D:1: 761 daAuts
     D:3: 747 daAuts
     D:4: 747 daAuts
     D:5: 61 daAuts
